 Dungeon Crawl Stone Soup version 0.21.0-24-g2553a33 (webtiles) character file.

137461 magipi the Impaler (level 17, -1/137 HPs)
             Began as a Merfolk Ice Elementalist on Jan 18, 2018.
             Was the Champion of Fedhas.
             Slain by a merfolk
             ... wielding a +0 trident
              (18 damage)
             ... on level 4 of the Shoals on Jan 19, 2018.
             The game lasted 04:31:11 (54485 turns).

magipi the Impaler (Merfolk Ice Elementalist)      Turns: 54485, Time: 04:31:12

Health: -1/137     AC: 12    Str:  8    XL:     17   Next: 24%
Magic:  17/24      EV: 26    Int: 20    God:    Fedhas [******]
Gold:   2599       SH:  0    Dex: 16    Spells: 9/24 levels left

rFire    . . .     SeeInvis .   a - +5 glaive (freeze)
rCold    + . .     Gourm    .   (shield currently unavailable)
rNeg     . . .     Faith    .   l - +2 robe {rC+}
rPois    +         Spirit   .   u - +1 helmet
rElec    .         Reflect  .   v - +2 cloak
rCorr    .         Harm     .   T - +1 pair of gloves
MR       ++...                  (boots currently unavailable)
Stlth    +++.......             L - amulet of magic regeneration
HPRegen  1.32/turn              m - ring of protection from magic
MPRegen  0.44/turn              p - ring of poison resistance

@: very slightly contaminated, regenerating, studying Hexes, very quick
A: change form in water, swift swim, stealthy swim
a: Fungal Bloom, Evolution, Sunlight, Growth, Reproduction, Rain, Renounce
Religion


You were on level 4 of the Shoals.
You worshipped Fedhas.
Fedhas was exalted by your worship.
You were not hungry.

You visited 5 branches of the dungeon, and saw 30 of its levels.
You also visited: Labyrinth and Sewer.

You collected 3142 gold pieces.
You spent 543 gold pieces at shops.

Inventory:

Hand Weapons
 a - a +5 glaive of freezing (weapon)
   (You found it on level 15 of the Dungeon)
 b - a +2 dagger of draining
   (You took it off a goblin on level 4 of the Dungeon)
 h - a +2 glaive of freezing
   (You took it off a salamander on level 2 of the Snake Pit)
 t - a +1 trident of flaming
   (You took it off a merfolk impaler on level 3 of the Shoals)
Missiles
 K - 2 throwing nets (quivered)
Armour
 l - a +2 robe of cold resistance (worn)
   (You took it off an orc sorcerer on level 1 of the Orcish Mines)
 n - a +2 pair of boots (melded)
   (You found it on level 2 of the Dungeon)
 u - a +1 helmet (worn)
   (You took it off Robin on level 4 of the Dungeon)
 v - a +2 cloak (worn)
   (You took it off Crazy Yiuf on level 7 of the Dungeon)
 T - a +1 pair of gloves (worn)
   (You found it on level 10 of the Dungeon)
Jewellery
 c - an uncursed ring of protection from cold
   (You found it on level 5 of the Dungeon)
 f - an uncursed ring of fire
   (You found it on level 2 of the Dungeon)
 i - an uncursed ring of see invisible
   (You found it on level 3 of the Shoals)
 m - a ring of protection from magic (left hand)
   (You found it on level 6 of the Lair of Beasts)
 o - an uncursed ring of resist corrosion
   (You found it on level 1 of the Shoals)
 p - a ring of poison resistance (right hand)
   (You found it on level 12 of the Dungeon)
 L - an amulet of magic regeneration (around neck)
   (You found it on level 4 of the Shoals)
Wands
 d - a wand of digging (33)
   (You found it on level 15 of the Dungeon)
 k - a wand of disintegration (15)
   (You found it on level 3 of the Dungeon)
 z - a wand of flame (131)
   (You found it on level 7 of the Dungeon)
 G - a wand of polymorph (30)
   (You found it on level 6 of the Dungeon)
 O - a wand of scattershot (6)
   (You found it on level 9 of the Dungeon)
 P - a wand of enslavement (9)
   (You found it on level 4 of the Shoals)
 R - a wand of paralysis (9)
   (You found it on level 4 of the Dungeon)
Scrolls
 j - 10 scrolls of identify
 w - a scroll of amnesia
 y - 7 scrolls of fog
 D - a scroll of fear
 H - a scroll of blinking
 I - a scroll of summoning
 U - 3 scrolls of immolation
 W - 3 scrolls of magic mapping
 X - 3 scrolls of remove curse
 Y - a scroll of enchant armour
 Z - 3 scrolls of silence
Potions
 e - 2 potions of resistance
 g - 8 potions of flight
 q - 10 potions of curing
 r - 7 potions of haste
 s - 2 potions of agility
 x - 2 potions of ambrosia
 A - 4 potions of brilliance
 B - 2 potions of might
 Q - 5 potions of cancellation
Books
 J - a book of Battle
   (You found it on level 1 of the Shoals)

   Spells                             Type                      Level
   a - Infusion                       Charms                       1
   b - Shroud of Golubria             Charms/Translocation         2
   c - Song of Slaying                Charms                       2
   d - Spectral Weapon                Hexes/Charms                 3
   e - Regeneration                   Charms/Necromancy            3
 V - a manual of Hexes
   (You found it on level 4 of the Shoals)
Miscellaneous
 M - a phial of floods (inert)
   (You found it on level 6 of the Lair of Beasts)
 N - a phantom mirror
Comestibles
 E - 11 rations


   Skills:
 - Level 13.4 Fighting
 - Level 18.0 Polearms
 - Level 8.1 Armour
 - Level 12.0 Dodging
 - Level 2.1 Stealth
 - Level 4.0 Spellcasting
   Level 0.7 Conjurations
 - Level 6.0 Hexes
 - Level 6.0 Charms
 - Level 8.0 Summonings
 + Level 5.2 Necromancy
 - Level 4.0 Translocations
 - Level 8.2 Ice Magic
 - Level 10.0 Invocations
 - Level 10.0 Evocations


You had 9 spell levels left.
You knew the following spells:

 Your Spells              Type           Power        Failure   Level  Hunger
a - Freeze                Ice            ####         1%          1    None
i - Summon Ice Beast      Ice/Summ       #####...     4%          4    ####...
o - Ozocubu's Armour      Chrm/Ice       ####....     1%          3    ###....
r - Regeneration          Chrm/Necr      ####......   3%          3    ###....
w - Spectral Weapon       Hex/Chrm       ####....     3%          3    ###....
A - Apportation           Tloc           ###...       2%          1    None


Dungeon Overview and Level Annotations

Branches:
Dungeon (15/15)            Temple (0/1) D:6            Lair (6/6) D:10
 Shoals (4/4) Lair:3        Snake (3/4) Lair:4        Slime (0/5) Lair:5
    Orc (2/2) D:11            Elf (0/3) Orc:2        Vaults (0/5) D:13
 Depths (0/5) D:15

Altars:
Ashenzari
Fedhas
Makhleb
Okawaru
Qazlal
Ru
Sif Muna
Trog
Xom
Zin
Beogh
Lugonu

Shops:
D:6 [   Orc:2 [%!*

Annotations:
D:2 dig
Shoals:4 Ilsuiw


Message History

Unknown command.
The wind drake flaps its wings at you. The air twists around and strikes you!
* * * LOW HITPOINT WARNING * * *
Unknown command.
Unknown command.
Unknown command.
Unknown command.
Your ice beast hits the wind drake.
Your ice beast freezes the wind drake!
Unknown command.
Casting: Summon Ice Beast
Confirm with . or Enter, or press ? or * to list all spells.
A chill wind blows around you.
You are near starving!
Your ice beast misses the wind drake.
Unknown command.
Unknown command.
Evoke which item? (* to show all) (? for menu, Esc to quit)
Aiming: Enslavement
Press: ? - help, Shift-Dir - straight line, f - wind drake
Aim: a wind drake (water, moderately wounded, deflecting missiles, chance to defeat MR: 55%)
The wind drake is charmed.
The merfolk impaler misses you.
Unknown command.
Your wind drake misses the merfolk impaler.
Evoke which item? (* to show all) (? for menu, Esc to quit)
Aiming: Paralyse
Press: ? - help, Shift-Dir - straight line, f - merfolk impaler, p - wind drake
Aim: a merfolk impaler, wielding a trident of venom and wearing a robe (water, chance to defeat MR: 55%)
The merfolk impaler resists with significant effort.
Your ice beast barely misses the merfolk impaler.
The merfolk impaler hits you from afar with a trident of venom!!
* * * LOW HITPOINT WARNING * * *
Unknown command.
Unknown command.
Unknown command.
You feel much better.
The merfolk impaler hits you from afar with a trident of venom!
* * * LOW HITPOINT WARNING * * *
Your ice beast hits the merfolk impaler.
Your ice beast freezes the merfolk impaler!
Your wind drake bites the merfolk impaler.
The merfolk impaler hits you from afar with a trident of venom.
* * * LOW HITPOINT WARNING * * *
Evoke which item? (* to show all) (? for menu, Esc to quit)
Aiming: Paralyse
Press: ? - help, Shift-Dir - straight line, f/p - merfolk impaler
Aim: a merfolk impaler, wielding a trident of venom and wearing a robe (water, moderately wounded, chance to defeat MR: 55%)
The merfolk impaler suddenly stops moving!
Your wind drake bites the merfolk impaler!
The manticore flicks its tail.
The volley of spikes hits your ice beast.
Unknown command.
Attack whom?
Press: ? - help, Dir - move target cursor, f/p - merfolk impaler
Aim: a merfolk impaler, wielding a trident of venom and wearing a robe (water, moderately wounded, paralysed)
You reach to attack!
The helpless merfolk impaler fails to defend itself.
You slice the merfolk impaler!! You freeze the merfolk impaler.
The merfolk impaler is severely wounded.
Your wind drake exhales a fierce blast of wind!
You are blown backwards!
The merfolk impaler is blown away by the wind.
The manticore bites your ice beast but does no damage.
The manticore misses your ice beast. The manticore claws your ice beast.
Your ice beast hits the manticore.
Your ice beast freezes the manticore!
Unknown command.
Attack whom?
Press: ? - help, Dir - move target cursor, f/p - merfolk impaler
Aim: a merfolk impaler, wielding a trident of venom and wearing a robe (water, severely wounded, paralysed)
You reach to attack!
The helpless merfolk impaler fails to defend itself.
You slice the merfolk impaler!! You freeze the merfolk impaler.
The merfolk impaler is almost dead.
The manticore flicks its tail.
The volley of spikes hits your ice beast.
Your ice beast dies!
Unknown command.
Attack whom?
Press: ? - help, Dir - move target cursor, f/p - merfolk impaler
Aim: a merfolk impaler, wielding a trident of venom and wearing a robe (water, almost dead, paralysed)
You reach to attack!
The helpless merfolk impaler fails to defend itself.
You slash the merfolk impaler! You freeze the merfolk impaler.
You kill the merfolk impaler!
You hear a splash. x3
Unknown command.
Unknown command.
Your wind drake exhales a fierce blast of wind!
A merfolk comes into view. It is wielding a trident.
You eat one of the 12 rations.
That ration really hit the spot!
Unknown command.
Casting: Summon Ice Beast
Confirm with . or Enter, or press ? or * to list all spells.
Your skin crawls.
The merfolk shouts!
You hear an eerie melody. x2
Unknown command.
You hear a haunting song.
You hear an eerie melody.
The merfolk hits you from afar with a trident!!
You die...
Fedhas appreciates your contribution to the ecosystem.

#≈≈≈≈≈≈≈≈≈≈...≈##.
#≈≈)≈≈≈≈≈≈≈....#..
#≈≈≈≈≈≈≈≈≈≈≈..≈#..
#≈≈≈≈≈≈≈≈≈≈≈.≈.#..
#≈≈≈≈≈≈≈≈≈≈≈≈≈H##.
#≈Y≈≈≈≈≈≈.≈≈....##
#≈≈≈≈≈≈..........)
#≈≈≈≈≈≈...........
#@≈m≈≈≈≈...H.#####
#≈≈≈≈≈≈≈≈...##≈..#
#≈≈≈≈≈≈≈≈≈≈≈#≈≈...
#≈≈≈≈≈≈≈≈≈≈≈'≈≈≈≈≈
#≈≈≈≈≈≈≈≈≈≈≈#≈≈≈≈≈
#≈≈≈≈≈≈≈≈≈≈≈##≈≈≈#
#≈≈≈≈≈≈≈≈≈≈≈≈#####
#≈≈≈≈≈≈≈≈≈≈≈≈≈≈≈≈≈
≈≈≈≈≈≈≈≈≈≈≈≈≈≈≈≈≈


You could see a merfolk and a friendly ice beast.

Vanquished Creatures
  Asterion (Snake:1)
  A nagaraja (Snake:1)
  Aizul (Snake:1)
  Nessos (Lair:4)
  2 merfolk impalers
  Fannar (D:11)
  A rakshasa (D:15)
  A hydra (D:12)
  5 naga warriors
  4 centaur warriors
  3 merfolk avatars
  4 anacondas
  A catoblepas (D:13)
  A two-headed ogre (D:14)
  2 merfolk aquamancers
  A satyr (Shoals:2)
  4 shock serpents
  A shock serpent (shapeshifter) (D:15)
  5 naga sharpshooters
  Sonja (Lair:1)
  4 sea snakes
  3 salamander mystics
  3 unseen horrors
  A glowing orange brain (D:15)
  A wolf spider zombie (D:14)
  4 naga ritualists
  2 orc knights
  Pikel (D:8)
  5 mana vipers
  2 harpies (Shoals:4)
  3 deep elf magi
  2 ugly things
  2 fauns (Shoals:2)
  11 salamanders
  3 orc sorcerers
  8 manticores
  2 cyclopes
  A centaur zombie (D:13)
  6 merfolk sirens
  3 guardian serpents
  2 elephants
  2 water nymphs
  29 black mambas
  2 gargoyles (Lab)
  8 naga magi
  A spiny frog (Lair:4)
  2 rime drakes (Lair:6)
  A kobold demonologist (D:9)
  2 centaur skeletons
  An efreet (D:14)
  A freezing wraith (D:15)
  5 komodo dragons
  2 polar bears (Lair:6)
  A meliai (shapeshifter) (D:15)
  10 merfolk
  A troll (D:11)
  3 hornets (Lair:6)
  11 blink frogs
  6 wind drakes
  3 dream sheep (Shoals:2)
  11 slime creatures
  6 snapping turtles
  5 hippogriffs
  A shadow (D:14)
  9 wyverns
  3 water elementals (Shoals:3)
  A yak (shapeshifter) (D:15)
  22 yaks
  2 basilisks
  4 vampire mosquitoes (D:14)
  2 hungry ghosts (Lab)
  4 wargs
  3 water moccasins
  32 nagas
  A soldier ant (D:14)
  8 porcupines
  6 orc warriors
  2 sky beasts
  A black bear (D:8)
  An eye of draining (D:12)
  3 ice beasts
  A tengu (shapeshifter) (D:15)
  7 wolves
  5 centaurs
  4 crocodiles
  A big kobold (D:13)
  14 bullfrogs
  3 scorpions
  The ghost of newuser the Chopper, a weakling HOMo (D:3)
  3 killer bees
  6 crimson imps
  2 bullfrog zombies
  2 jellies
  4 hounds
  A bullfrog skeleton (D:12)
  8 orc priests
  26 orc wizards
  8 worker ants
  6 iguanas
  A hound skeleton (D:4)
  A worker ant zombie (D:9)
  Robin (D:4)
  12 adders
  8 gnolls
  A river rat (Sewer)
  2 shadow imps
  2 oozes
  3 worms
  2 dart slugs (D:1)
  7 leopard geckos
  60 orcs
  6 giant cockroaches
  14 goblins
  8 hobgoblins
  4 jackals
  6 quokkas
  6 ball pythons
  4 bats
  2 frilled lizards
  14 kobolds
  22 rats
616 creatures vanquished.

Vanquished Creatures (collateral kills)
  The ghost of Amaterasu the Grappler, an adept OgTm of Gozag (Shoals:2)
  Frances (Shoals:2)
  Agnes (D:14)
  Kirke (Lair:4)
  A minotaur (Lab)
  2 anacondas (Snake:3)
  2 naga warriors
  4 merfolk avatars
  2 alligator snapping turtles
  7 hydras
  5 two-headed ogres
  A merfolk aquamancer (Shoals:4)
  2 naga sharpshooters
  The ghost of p0werm0de the Fighter, a novice BaAs of Cheibriados (D:7)
  2 salamander mystics
  A sea snake (Lair:6)
  6 harpies
  A naga ritualist (Snake:2)
  4 orc sorcerers (Orc:2)
  3 ugly things
  A mana viper (Snake:2)
  3 cyclopes
  A faun (Shoals:2)
  An elephant (D:10)
  3 manticores
  3 salamanders
  5 black mambas
  A naga mage (Snake:2)
  A torpor snail (Lair:5)
  An eye of devastation (Lair:5)
  2 gargoyles (Lab)
  A water nymph (Shoals:4)
  7 spiny frogs
  2 centaur skeletons
  A rime drake (Lair:5)
  7 komodo dragons
  3 kobold demonologists
  3 trolls
  10 merfolk
  A wind drake (Shoals:3)
  3 polar bears (Lair:6)
  A hornet (D:12)
  4 dream sheep (Lair:5)
  10 blink frogs
  6 hippogriffs
  4 slime creatures (D:13)
  2 snapping turtles (Shoals:2)
  A vampire (D:12)
  2 hungry ghosts (Lab)
  6 wyverns
  4 basilisks
  A water elemental (Shoals:3)
  21 yaks
  Menkaure (D:6)
  8 wargs
  An acid dragon (D:15)
  4 nagas
  5 water moccasins
  3 porcupines
  An ice beast (D:6)
  9 orc warriors
  A phantom (D:6)
  2 sky beasts
  2 eyes of draining
  A wolf (Lair:5)
  7 ogres
  7 crocodiles
  3 big kobolds
  12 bullfrogs
  A gnoll sergeant (D:11)
  A wyvern skeleton (D:9)
  3 scorpions
  9 killer bees
  4 howler monkeys
  A quasit (D:6)
  A centaur zombie (D:9)
  2 crimson imps
  A jelly (D:12)
  7 hounds
  Crazy Yiuf (D:7)
  A bullfrog skeleton (D:6)
  2 orc priests
  14 orc wizards
  6 worker ants
  2 iguanas
  A howler monkey zombie (D:6)
  5 gnolls
  3 adders
  2 river rats (Sewer)
  4 shadow imps
  An ooze (Sewer)
  2 adder skeletons
  A leopard gecko (D:7)
  38 orcs
  A goblin (Orc:1)
  5 jackals (D:6)
  10 kobolds
  6 ball pythons (Sewer)
  A leopard gecko skeleton (D:6)
  10 rats (Sewer)
383 creatures vanquished.

Vanquished Creatures (others)
  A harpy (Shoals:4)
  5 oklob plants (Lair:6)
  19 wandering mushrooms
  A basilisk (Lair:6)
  2 humans (Snake:1)
  A naga (Snake:1)
  A slave (D:8)
  A necrophage (D:12)
  3 crocodiles (Lair:6)
  2 orc wizards (Orc:2)
  2 orcs
  37 fungi
  43 plants
  611 toadstools
729 creatures vanquished.

Grand Total: 1728 creatures vanquished

Notes
Turn   | Place    | Note
-------+----------+-------------------------------------------
     0 | D:1      | magipi the Merfolk Ice Elementalist began the quest for the Orb.
     0 | D:1      | Reached XP level 1. HP: 13/13 MP: 3/3
     0 | D:1      | Noticed a tentacled monstrosity
     1 | D:1      | Noticed a golden dragon
     1 | D:1      | Noticed an orb of fire
     3 | D:1      | Noticed a tentacled monstrosity
     5 | D:1      | Noticed a black draconian
     7 | D:1      | Noticed a large abomination
     8 | D:1      | Noticed a large abomination
    12 | D:1      | Noticed an iron dragon
    13 | D:1      | Noticed a tentacled monstrosity
    14 | D:1      | Noticed an iron dragon
    17 | D:1      | Noticed an ice dragon
    17 | D:1      | Noticed a large abomination
    17 | D:1      | Noticed a large abomination
    19 | D:1      | Noticed a shadow dragon
    19 | D:1      | Noticed an ice dragon
   239 | D:1      | Reached XP level 2. HP: 6/19 MP: 0/5
   794 | D:1      | Reached XP level 3. HP: 24/24 MP: 2/6
   836 | D:1      | Learned a level 3 spell: Ozocubu's Armour
  1616 | D:2      | Reached skill level 1 in Charms
  1846 | D:2      | Found an iron altar of Okawaru.
  1856 | D:2      | Reached XP level 4. HP: 30/30 MP: 3/7
  2352 | D:2      | Found a glowing silver altar of Zin.
  2611 | D:3      | Reached skill level 5 in Ice Magic
  2851 | D:3      | Reached XP level 5. HP: 35/35 MP: 3/8
  3272 | D:3      | Noticed newuser's ghost (weakling HOMo)
  3544 | D:4      | Reached XP level 6. HP: 26/41 MP: 2/9
  3552 | D:4      | Learned a level 4 spell: Summon Ice Beast
  3689 | D:4      | Noticed Robin
  3824 | D:4      | Killed Robin
  3869 | D:4      | Noticed a troll
  4059 | D:4      | Reached skill level 1 in Summonings
  5095 | D:4      | Reached XP level 7. HP: 46/46 MP: 5/10
  5678 | D:5      | Entered Level 5 of the Dungeon
  5710 | D:5      | Found a deep blue altar of Sif Muna.
  5835 | D:5      | Found a glowing drain.
  5882 | Sewer    | Entered a sewer
  5991 | Sewer    | Upgraded the game from 0.21.0-22-g11d5b52 to 0.21.0-24-g2553a33
  7427 | D:6      | Found a blossoming altar of Fedhas.
  7434 | D:6      | Became a worshipper of Fedhas Madash
  7505 | D:6      | Found a burning altar of Makhleb.
  7554 | D:6      | Reached XP level 8. HP: 42/52 MP: 5/13
  7563 | D:6      | Found Ylaun Jesin's Armour Boutique.
  7622 | D:6      | Killed a troll
  7622 | D:6      | Reached skill level 5 in Charms
  7924 | D:6      | Found a staircase to the Ecumenical Temple.
  7925 | D:6      | Noticed Menkaure
  7940 | D:6      | Killed Menkaure
  7967 | D:6      | Reached skill level 5 in Summonings
  8063 | D:6      | Reached skill level 2 in Polearms
  8299 | D:6      | Reached skill level 3 in Polearms
  8452 | D:6      | Reached skill level 4 in Polearms
  8465 | D:6      | Found a blossoming altar of Fedhas.
  8467 | D:6      | Found a shimmering altar of Xom.
  8469 | D:6      | Found a sacrificial altar of Ru.
  8960 | D:6      | Reached skill level 5 in Polearms
  9134 | D:7      | Noticed p0werm0de's ghost (novice BaAs)
  9159 | D:7      | Reached skill level 6 in Polearms
  9452 | D:7      | Reached XP level 9. HP: 47/57 MP: 10/15
  9544 | D:7      | Killed p0werm0de's ghost
  9544 | D:7      | Reached skill level 8 in Polearms
  9747 | D:7      | Reached skill level 9 in Polearms
  9983 | D:7      | Found a runed door.
  9989 | D:7      | Noticed Crazy Yiuf
  9997 | D:7      | Killed Crazy Yiuf
  9997 | D:7      | Reached skill level 10 in Polearms
 10749 | D:6      | Bought a +3 leather armour of poison resistance for 294 gold pieces
 11291 | D:8      | Reached skill level 1 in Armour
 11408 | D:8      | Noticed Pikel
 11448 | D:8      | Killed Pikel
 11448 | D:8      | Reached skill level 11 in Polearms
 12080 | D:9      | Reached XP level 10. HP: 63/63 MP: 5/16
 12093 | D:9      | Reached * piety under Fedhas
 12177 | D:9      | Reached skill level 12 in Polearms
 12488 | D:9      | Found a stormy altar of Qazlal.
 12951 | D:10     | Entered Level 10 of the Dungeon
 12968 | D:10     | Noticed a two-headed ogre
 12981 | D:10     | Killed a two-headed ogre
 13075 | D:10     | Noticed a kobold demonologist
 13076 | D:10     | Noticed a kobold demonologist
 13123 | D:9      | Killed a kobold demonologist
 13186 | D:10     | Killed a kobold demonologist
 13479 | D:10     | Noticed a two-headed ogre
 13488 | D:10     | Killed a two-headed ogre
 13828 | D:10     | Found a staircase to the Lair.
 13853 | D:10     | Found a corrupted altar of Lugonu.
 13886 | D:10     | Reached skill level 5 in Dodging
 14128 | D:10     | Noticed a kobold demonologist
 14143 | D:10     | Killed a kobold demonologist
 14157 | D:10     | Noticed an elephant
 14187 | D:10     | Killed an elephant
 14187 | D:10     | Reached skill level 5 in Armour
 14520 | D:10     | Reached XP level 11. HP: 65/68 MP: 9/17
 14698 | D:10     | Killed an unseen horror
 14755 | D:10     | Reached ** piety under Fedhas
 14904 | D:10     | Noticed a two-headed ogre
 14916 | D:10     | Killed a two-headed ogre
 15292 | D:10     | Killed an unseen horror
 16154 | D:11     | You fall through a shaft!
 16156 | D:12     | Paralysed by a hornet for 2 turns
 16394 | D:11     | Found a labyrinth entrance.
 16400 | Lab      | Entered a labyrinth
 17296 | Lab      | Noticed a minotaur
 17303 | Lab      | Killed a minotaur
 17312 | Lab      | Got a thick robe
 17376 | D:11     | Noticed a cyclops
 17518 | D:11     | Noticed a two-headed ogre
 17532 | D:11     | Killed a two-headed ogre
 17598 | D:11     | Killed a cyclops
 17692 | D:11     | Noticed a cyclops
 17715 | D:11     | Killed a cyclops
 17715 | D:11     | Reached skill level 10 in Dodging
 17963 | D:11     | Found a staircase to the Orcish Mines.
 18089 | D:11     | Identified the +1 robe of a ziggurat {Dex+4} (You found it in a labyrinth)
 18189 | D:11     | Noticed a brown ugly thing
 18204 | D:11     | Killed a brown ugly thing
 18325 | D:12     | Noticed a six-headed hydra
 18338 | D:12     | Killed a six-headed hydra
 18338 | D:12     | Reached XP level 12. HP: 74/74 MP: 2/18
 18904 | Lair:1   | Entered Level 1 of the Lair of Beasts
 18904 | Lair:1   | Noticed Sonja
 18906 | Lair:1   | Killed Sonja
 19022 | Lair:1   | Noticed an eight-headed hydra
 19075 | Lair:1   | Reached *** piety under Fedhas
 19140 | Lair:1   | Killed an eight-headed hydra
 19269 | Lair:1   | Reached skill level 1 in Fighting
 19269 | Lair:1   | Reached skill level 1 in Invocations
 19295 | Lair:1   | Reached skill level 1 in Evocations
 19686 | Lair:1   | Noticed a four-headed hydra
 19698 | Lair:1   | Killed a four-headed hydra
 21020 | Lair:3   | Found a staircase to the Shoals.
 21317 | Lair:3   | Reached XP level 13. HP: 90/90 MP: 19/19
 21473 | Lair:3   | Reached skill level 5 in Fighting
 21473 | Lair:3   | Reached skill level 5 in Invocations
 22327 | Lair:4   | Reached skill level 5 in Evocations
 22510 | Lair:4   | Found a staircase to the Snake Pit.
 22727 | Lair:4   | Noticed Nessos
 22737 | Lair:4   | Killed Nessos
 23524 | Lair:5   | Found a staircase to the Slime Pits.
 24495 | Lair:6   | Entered Level 6 of the Lair of Beasts
 25635 | Lair:6   | Learned a level 1 spell: Apportation
 26391 | Lair:5   | Reached **** piety under Fedhas
 27214 | Lair:6   | Reached XP level 14. HP: 104/106 MP: 3/20
 27585 | Orc:1    | Entered Level 1 of the Orcish Mines
 27585 | Orc:1    | Noticed Fannar
 27686 | D:11     | Killed Fannar
 27821 | Orc:1    | Found a roughly hewn altar of Beogh.
 28576 | Orc:2    | Entered Level 2 of the Orcish Mines
 29404 | Orc:2    | Found a staircase to the Elven Halls.
 30302 | Orc:2    | Paralysed by an orc sorcerer for 5 turns
 30600 | Orc:2    | Found Vagiz's Distillery.
 30600 | Orc:2    | Found Uryabror's General Store.
 30746 | Orc:2    | Found a roughly hewn altar of Beogh.
 31254 | Orc:2    | Found Wossahyr's Armour Shop.
 31254 | Orc:2    | Found Juddirche's Food Shoppe.
 31444 | Orc:2    | Bought a potion of curing for 45 gold pieces
 31453 | Orc:2    | Bought a potion of curing for 51 gold pieces
 31453 | Orc:2    | Bought a potion of heal wounds for 85 gold pieces
 31453 | Orc:2    | Bought a potion of might for 68 gold pieces
 31851 | D:3      | Killed newuser's ghost
 32218 | D:12     | Reached ***** piety under Fedhas
 32634 | D:13     | Found a bloodstained altar of Trog.
 33838 | D:13     | Identified the +9 broad axe "Wivul" {venom, +Fly rC++ Dex-4} (You found it on level 13 of the Dungeon)
 34034 | D:13     | Found a gate to the Vaults.
 34331 | D:14     | Found a corrupted altar of Lugonu.
 34338 | D:14     | Identified Lugonu's Incunabulum of Transformation
 34658 | D:14     | Reached skill level 10 in Invocations
 34729 | D:14     | Reached skill level 10 in Fighting
 34839 | D:14     | Noticed Agnes
 34886 | D:14     | Killed Agnes
 34886 | D:14     | Reached skill level 1 in Translocations
 35955 | D:15     | Entered Level 15 of the Dungeon
 36601 | D:15     | Reached XP level 15. HP: 98/115 MP: 15/22
 36881 | D:15     | Reached skill level 13 in Polearms
 36953 | D:15     | Found a staircase to the Depths.
 37324 | Snake:1  | Entered Level 1 of the Snake Pit
 37466 | Snake:1  | Noticed Kirke
 37789 | Lair:4   | Killed Kirke
 37789 | Lair:4   | Reached skill level 10 in Evocations
 38005 | Snake:1  | Noticed a nagaraja
 38023 | Snake:1  | Killed a nagaraja
 38507 | Snake:1  | Reached skill level 14 in Polearms
 38534 | Snake:1  | Noticed Aizul
 38565 | Snake:1  | Killed Aizul
 38843 | Snake:1  | Noticed Asterion
 38860 | Snake:1  | Noticed a cacodemon
 38861 | Snake:1  | Killed Asterion
 39456 | Snake:1  | Reached skill level 15 in Polearms
 39564 | Snake:2  | Found a shattered altar of Ashenzari.
 41020 | Snake:2  | Reached skill level 16 in Polearms
 42295 | Snake:2  | Reached skill level 17 in Polearms
 43656 | Snake:2  | Reached XP level 16. HP: 122/122 MP: 15/23
 44482 | Snake:3  | Reached skill level 18 in Polearms
 49214 | Shoals:1 | Entered Level 1 of the Shoals
 50213 | Shoals:1 | Learned a level 3 spell: Regeneration
 50217 | Shoals:1 | Learned a level 3 spell: Spectral Weapon
 50477 | Shoals:2 | Noticed Frances
 50578 | Shoals:2 | Killed Frances
 50578 | Shoals:2 | Reached skill level 1 in Hexes
 50578 | Shoals:2 | Reached skill level 1 in Necromancy
 50844 | Shoals:2 | Noticed Amaterasu's ghost (adept OgTm)
 50877 | Shoals:2 | Killed Amaterasu's ghost
 51963 | Shoals:3 | Reached ****** piety under Fedhas
 52170 | Shoals:3 | Noticed a kraken
 53042 | Shoals:4 | Entered Level 4 of the Shoals
 53162 | Shoals:4 | Reached XP level 17. HP: 113/137 MP: 10/24
 53378 | Shoals:4 | Reached skill level 5 in Hexes
 53960 | Shoals:4 | Noticed Ilsuiw
 54413 | Shoals:4 | Reached skill level 5 in Necromancy
 54485 | Shoals:4 | Slain by a merfolk

Skill      XL: |  1  2  3  4  5  6  7  8  9 10 11 12 13 14 15 16 17 |
---------------+----------------------------------------------------+-----
Ice Magic      | 4 5 6 7 8 |  8.2
Charms         | 1 2 3 4 5 6 |  6.0
Summonings     | 2 4 5 6 7 8 |  8.0
Spellcasting   | 3 4 |  4.0
Polearms       | 6 11 12 17 18 | 18.0
Armour         | 2 5 7 8 |  8.1
Dodging        | 6 10 12 | 12.0
Fighting       | 4 8 10 13 | 13.4
Invocations    | 4 8 10 | 10.0
Evocations     | 4 7 9 10 | 10.0
Translocations | 2 4 |  4.0
Hexes          | 4 6 |  6.0
Necromancy     | 3 5 |  5.2
Stealth        | |  2.1
Conjurations   | |  0.7

Action                   |  1- 3 |  4- 6 |  7- 9 | 10-12 | 13-15 | 16-18 || total
-------------------------+-------+-------+-------+-------+-------+-------++-------
Melee: Unarmed           |     5 |       |       |       |     1 |       ||     6
       Dagger            |     4 |       |       |       |       |       ||     4
       Spear             |    68 |   119 |   123 |       |       |       ||   310
       Trident           |       |       |   274 |    38 |   314 |       ||   626
       Tailslap          |       |       |     2 |       |       |    12 ||    14
       Halberd           |       |       |       |   620 |   335 |       ||   955
       Glaive            |       |       |       |       |  1229 |   713 ||  1942
 Cast: Freeze            |    35 |   100 |    49 |    46 |    96 |    10 ||   336
       Summon Ice Beast  |       |     2 |    69 |   139 |   216 |   133 ||   559
       Ozocubu's Armour  |       |       |     4 |    39 |   142 |    56 ||   241
       Regeneration      |       |       |       |       |       |     7 ||     7
Invok: Fungal Bloom      |       |       |     8 |    38 |    83 |    50 ||   179
       Evolution         |       |       |       |     8 |    11 |       ||    19
Evoke: Wand              |       |       |     2 |    13 |    40 |    19 ||    74
       Phial of floods   |       |       |       |       |     1 |     1 ||     2
       Phantom mirror    |       |       |       |       |     1 |       ||     1
  Use: Scroll            |       |    12 |    12 |    11 |    12 |    10 ||    57
       Potion            |       |       |     1 |     6 |    20 |     5 ||    32
 Stab: Sleeping          |     8 |     6 |     8 |     3 |     5 |     4 ||    34
       Distracted        |       |       |     6 |     5 |    25 |    14 ||    50
       Paralysed         |       |       |       |       |    45 |    16 ||    61
       Confused          |       |       |       |       |     9 |       ||     9
  Eat: Chunk             |     3 |    11 |    18 |    38 |    54 |    23 ||   147
       Ration            |       |       |     6 |     7 |    22 |    12 ||    47
Armor: Robe              |    10 |    37 |    91 |       |   311 |   183 ||   632
       Leather armour    |       |       |    30 |   264 |   336 |       ||   630
       Skin              |       |       |       |    34 |    28 |       ||    62
Dodge: Dodged            |    57 |   110 |   233 |   423 |  1723 |   553 ||  3099

Action                   |  1- 3 |  4- 6 |  7- 9 | 10-12 | 13-15 | 16-18 || total
-------------------------+-------+-------+-------+-------+-------+-------++-------
Melee: Unarmed           |     5 |       |       |       |     1 |       ||     6
       Dagger            |     4 |       |       |       |       |       ||     4
       Spear             |    68 |   119 |   123 |       |       |       ||   310
       Trident           |       |       |   274 |    38 |   314 |       ||   626
       Tailslap          |       |       |     2 |       |       |    12 ||    14
       Halberd           |       |       |       |   620 |   335 |       ||   955
       Glaive            |       |       |       |       |  1229 |   713 ||  1942
 Cast: Freeze            |    35 |   100 |    49 |    46 |    96 |    10 ||   336
       Summon Ice Beast  |       |     2 |    69 |   139 |   216 |   133 ||   559
       Ozocubu's Armour  |       |       |     4 |    39 |   142 |    56 ||   241
       Regeneration      |       |       |       |       |       |     7 ||     7
Invok: Fungal Bloom      |       |       |     8 |    38 |    83 |    50 ||   179
       Evolution         |       |       |       |     8 |    11 |       ||    19
Evoke: Wand              |       |       |     2 |    13 |    40 |    19 ||    74
       Phial of floods   |       |       |       |       |     1 |     1 ||     2
       Phantom mirror    |       |       |       |       |     1 |       ||     1
  Use: Scroll            |       |    12 |    12 |    11 |    12 |    10 ||    57
       Potion            |       |       |     1 |     6 |    20 |     5 ||    32
 Stab: Sleeping          |     8 |     6 |     8 |     3 |     5 |     4 ||    34
       Distracted        |       |       |     6 |     5 |    25 |    14 ||    50
       Paralysed         |       |       |       |       |    45 |    16 ||    61
       Confused          |       |       |       |       |     9 |       ||     9
  Eat: Chunk             |     3 |    11 |    18 |    38 |    54 |    23 ||   147
       Ration            |       |       |     6 |     7 |    22 |    12 ||    47
Armor: Robe              |    10 |    37 |    91 |       |   311 |   183 ||   632
       Leather armour    |       |       |    30 |   264 |   336 |       ||   630
       Skin              |       |       |       |    34 |    28 |       ||    62
Dodge: Dodged            |    57 |   110 |   233 |   423 |  1723 |   553 ||  3099
